 Dungeon Crawl Stone Soup version 0.26.0-10-g1f06aea511 (webtiles) character file.

Game seed: 9618943181807309653

1329 inc the Nimble (level 8, 0/31 HPs)
             Began as a Felid Enchanter on Jan 30, 2021.
             Slain by an orc
             ... wielding a +0 spear
              (5 damage)
             ... in a bailey.
             The game lasted 00:17:22 (10437 turns).

inc the Nimble (Felid Enchanter)                   Turns: 10437, Time: 00:17:22

Health: 0/31       AC:  2    Str:  4    XL:     8   Next: 34%
Magic:  0/14       EV: 27    Int: 23    God:
Gold:   403        SH:  0    Dex: 24    Spells: 6/14 levels left
                                        Lives:  0   Deaths: 2

rFire    . . .     SeeInvis +     - Unarmed
rCold    . . .     Faith    .   (shield unavailable)
rNeg     . . .     Spirit   .   (armour unavailable)
rPois    .         Reflect  .   (helmet unavailable)
rElec    .         Harm     .   (cloak unavailable)
rCorr    .         Rampage  .   (gloves unavailable)
Will     +....                  (boots unavailable)
Stlth    ++++......             (no amulet)
HPRegen  0.10/turn              k - +6 ring of intelligence
MPRegen  0.14/turn              m - +6 ring of dexterity

@: very slightly contaminated, invisible (expiring), quick
A: very small, no armour, no weapons or thrown items, stealth, claws 1, fangs 3,
see invisible, speed 1, shaggy fur 2, sharp paws
a: no special abilities


You were in a bailey.
You visited 1 branch of the dungeon, and saw 8 of its levels.
You also visited: Ossuary and Bailey.

You collected 403 gold pieces.

Inventory:

Jewellery
 a - an uncursed ring of positive energy
 b - an uncursed ring of magical power
 j - an uncursed ring of willpower
 k - a +6 ring of intelligence (left paw)
 m - a +6 ring of dexterity (right paw)
Wands
 d - a wand of random effects (11)
 y - a wand of paralysis (6)
Scrolls
 e - 7 scrolls of identify
 f - 4 scrolls of teleportation
 g - 2 scrolls of fear
 l - 3 scrolls of remove curse
 t - a scroll of enchant armour {unknown}
 x - a scroll of immolation {unknown}
Potions
 c - a potion of ambrosia
 h - 2 potions of might
 i - 2 potions of haste
 n - 2 potions of berserk rage {unknown}
 o - 5 potions of brilliance
 r - a potion of degeneration
 s - 3 potions of lignification {unknown}
 u - 5 potions of curing
 v - 2 potions of flight {unknown}
 w - a potion of mutation {unknown}
 z - a potion of magic {unknown}


   Skills:
 + Level 9.1 Dodging
 - Level 7.0 Stealth
 - Level 5.2 Unarmed Combat
 + Level 3.5 Spellcasting
 - Level 8.8 Hexes
 - Level 1.5 Ice Magic


You had 6 spell levels left.
You knew the following spells:

 Your Spells              Type           Power        Failure   Level
a - Tukima's Dance        Hex            44%          1%          3
b - Ensorcelled Hibernat  Hex/Ice        54%          1%          2
c - Confusing Touch       Hex            44%          1%          3

Your spell library contained the following spells:

 Spells                   Type           Power        Failure   Level
 Corona                   Hex            48%          1%          1
 Slow                     Hex            44%          1%          2
 Dazzling Flash           Conj/Hex       48%          5%          3
 Inner Flame              Hex/Fire       24%          5%          3
 Foxfire                  Conj/Fire      16%          11%         1
 Magic Dart               Conj           16%          11%         1
 Blink                    Tloc           N/A          17%         2
 Call Imp                 Summ           4%           17%         2
 Conjure Flame            Conj/Fire      4%           32%         3
 Mephitic Cloud           Conj/Pois/Air  4%           32%         3
 Sticky Flame             Conj/Fire      4%           73%         4
 Fireball                 Conj/Fire      2%           97%         5


Dungeon Overview and Level Annotations

Branches:
Dungeon (9/15)            Ossuary (visited)          Bailey (1/1)
 Temple: D:4-7         Lair: D:8-11         Orc: D:9-12

Altars:

Shops:
D:4 *   D:8 !

Annotations:
D:3 2 runed translucent doors, IHuginn's ghost, amateur GrFi
D:4 2 transporters, Amaterasu's ghost, amateur OpTm


Innate Abilities, Weirdness & Mutations

You cannot wear armour.
You are incapable of wielding weapons or throwing items.
Your paws allow you to move quietly. (Stealth)
You have sharp claws.
You have razor-sharp teeth.
You have supernaturally acute eyesight. (SInv)
You cover ground quickly.
You are covered in thick fur. (AC +2)
Your sharp claws are effective at attacking unaware monsters.


Message History

The helpless orc fails to defend itself.
You eviscerate the orc!!!
You kill the orc!
Casting: Ensorcelled Hibernation (safe; 1% risk of failure)
Confirm with . or Enter, or press ? or * to list all spells.
Aiming: Ensorcelled Hibernation (safe; 1% risk of failure)
Press: ? - help, Shift-Dir - straight line, f - orc
Aim: an orc, wielding a +0 spear (chance to affect: 73%)
The orc struggles to resist.
The orc completely misses you. The orc completely misses you.
Items here: ))) [ †.
Casting: Ensorcelled Hibernation (safe; 1% risk of failure)
Confirm with . or Enter, or press ? or * to list all spells.
You don't have enough magic to cast that spell.
You flicker for a moment.
Casting: Ensorcelled Hibernation (safe; 1% risk of failure)
Confirm with . or Enter, or press ? or * to list all spells.
You don't have enough magic to cast that spell.
The orc hits you from afar with a +0 spear.
You die...

#∩.....∩#
#.......#
#.......#
#.......#
#.o.....#
#.))....#
#).o)...#
#.......#
#..@....#
##.....##
###'###
.. $$#
$$# ..#
+##


You could see 2 orcs.

Vanquished Creatures
  Edmund (D:4)
  A sky beast (D:8)
  3 ice beasts (D:7)
  2 orc warriors
  An ogre (D:5)
  A centaur (D:5)
  A bullfrog (D:7)
  2 water moccasin zombies (Ossuary)
  2 scorpions (D:8)
  2 hounds
  2 orc priests
  3 orc wizards
  5 worker ants
  6 big kobold zombies (Ossuary)
  2 mummies (Ossuary)
  Robin (D:4)
  4 gnolls (D:8)
  6 adders
  A shadow imp (D:8)
  2 ufetubi
  An ooze (D:1)
  2 adder zombies (Ossuary)
  7 worms
  2 dart slugs
  2 leopard geckos
  26 orcs
  2 ball pythons
  6 giant cockroaches
  2 gnoll zombies (Ossuary)
  21 goblins
  4 hobgoblins
  8 jackals
  7 kobolds
  A quokka (D:2)
  4 bats
  2 frilled lizards
  3 hobgoblin zombies (Ossuary)
  A jackal skeleton (D:4)
  4 kobold zombies (Ossuary)
  6 orc zombies (Ossuary)
  2 quokka skeletons (D:4)
  4 rats
165 creatures vanquished.

Vanquished Creatures (others)
  14 plants (D:1)
14 creatures vanquished.

Grand Total: 179 creatures vanquished

Notes
Turn   | Place    | Note
-------+----------+-------------------------------------------
     0 | D:1      | inc the Felid Enchanter began the quest for the Orb.
     0 | D:1      | Reached XP level 1. HP: 7/7 MP: 4/4
   673 | D:1      | Reached XP level 2. HP: 11/11 MP: 6/6
   740 | D:1      | Learned a level 2 spell: Ensorcelled Hibernation
  1657 | D:2      | Reached XP level 3. HP: 13/14 MP: 3/7
  2364 | D:2      | Reached XP level 4. HP: 18/18 MP: 5/8
  4018 | D:3      | Reached XP level 5. HP: 21/21 MP: 9/9
  4146 | D:3      | Reached skill level 5 in Unarmed Combat
  4372 | D:4      | Noticed Edmund
  4413 | D:4      | HP: 1/21 [orc wizard/magic dart (7)]
  4429 | D:5      | Entered Level 5 of the Dungeon
  4857 | D:4      | Found Jemaeff's Assorted Antiques.
  5087 | D:4      | Found a transporter.
  5089 | D:4      | Noticed Amaterasu's ghost (amateur OpTm)
  5165 | D:4      | Reached skill level 1 in Ice Magic
  5170 | D:4      | Found a transporter.
  5202 | D:4      | Reached skill level 5 in Hexes
  5565 | D:4      | Noticed Robin
  5578 | D:4      | HP: 1/21 [goblin/+0 club[Robin] (2)]
  5580 | D:4      | Slain by a goblin
  5581 | D:4      | Reached XP level 4. HP: -4/18 MP: 8/8
  5820 | D:4      | Killed Robin
  5821 | D:4      | Reached XP level 5. HP: 18/21 MP: 1/9
  6242 | D:3      | Found a large runed translucent door.
  6242 | D:3      | Found a large runed translucent door.
  6245 | D:3      | Noticed IHuginn's ghost (amateur GrFi)
  6247 | D:3      | Reached skill level 5 in Stealth
  6902 | D:4      | Killed Edmund
  6903 | D:4      | Gained mutation: You are covered in thick fur. (AC +2)
                  | [Felid growth]
  6903 | D:4      | Reached XP level 6. HP: 24/24 MP: 7/10
  7399 | D:5      | Reached skill level 3 in Dodging
  7433 | D:5      | Reached skill level 4 in Dodging
  7433 | D:5      | Reached XP level 7. HP: 27/27 MP: 8/11
  7695 | D:5      | You fall into a shaft and drop 3 floors!
  7711 | D:8      | Found Baot's Distillery.
  7829 | D:8      | Reached skill level 5 in Dodging
  7982 | D:8      | Reached skill level 6 in Dodging
  8016 | D:8      | Found a sand-covered staircase.
  8026 | Ossuary  | Entered an ossuary
  8159 | Ossuary  | Learned a level 3 spell: Tukima's Dance
  8163 | Ossuary  | Learned a level 3 spell: Confusing Touch
  8556 | Ossuary  | Slain by a water moccasin zombie
  8557 | Ossuary  | Reached XP level 6. HP: -1/24 MP: 10/10
  8991 | Ossuary  | Reached XP level 7. HP: 27/27 MP: 11/11
  9669 | D:9      | Noticed a molten gargoyle
  9852 | D:7      | Reached skill level 7 in Dodging
  9988 | D:7      | Reached skill level 8 in Dodging
 10135 | D:7      | Reached XP level 8. HP: 18/31 MP: 9/12
 10275 | D:7      | Found a flagged portal.
 10390 | Bailey   | Entered a bailey
 10426 | Bailey   | Reached skill level 9 in Dodging
 10437 | Bailey   | Slain by an orc

Illustrated notes

Levels and vault maps discovered:
D:1:      lightli_arrival_farm, layout_loops_ring, minmay_hedge_maze,
          serial_park_tiny_2, bh_walls_and_bars
D:2:      layout_basic
D:3:      layout_rooms, ebering_ghost_disaster_area
D:4:      layout_cave_pods, gammafunk_ghost_mausoleum, serial_shops, shop,
          uniq_edmund, uniq_robin
D:5:      layout_basic, minmay_temple_entry_ruins
D:7:      layout_loops_ring, enter_bailey_3, minmay_misc_feat_plants
D:8:      layout_rooms, serial_shops, kennysheep_little_box,
          lightli_ossuary_entry_decrepit_ruins
D:9:      layout_loops_ring, nicolae_dithmenos_shadow_blocks, serial_shops,
          shop, minivault_8, uniq_prince_ribbit1
Bailey:   bailey_polearm_5, bailey

Skill      XL: |  1  2  3  4  5  6  7  8 |
---------------+-------------------------+-----
Unarmed Combat | 2 3 4 5 |  5.2
Ice Magic      | 1 |  1.5
Hexes          | 5 7 8 |  8.8
Stealth        | 6 7 |  7.0
Dodging        | 4 8 9 |  9.1
Spellcasting   | 3 |  3.5

Action                   |  1- 3 |  4- 6 |  7- 9 || total
-------------------------+-------+-------+-------++-------
Melee: Unarmed           |    75 |   207 |   196 ||   478
       Bite              |     5 |    20 |    15 ||    40
       Punch             |       |     3 |     3 ||     6
 Cast: Corona            |     4 |       |       ||     4
       Ensorcelled Hiber |    18 |    74 |    41 ||   133
       Confusing Touch   |       |     3 |     5 ||     8
  Use: Potion            |     2 |     2 |     2 ||     6
       Scroll            |       |     2 |     9 ||    11
 Stab: Sleeping          |    22 |    46 |    27 ||    95
       Distracted        |       |     1 |       ||     1
       Confused          |       |     3 |     5 ||     8
       Invisible         |       |       |     3 ||     3
Armor: Skin              |       |     6 |     5 ||    11
Dodge: Dodged            |    60 |   143 |   242 ||   445
